 Dungeon Crawl Stone Soup version 0.32-a0-12-g7fc57aa741 (console) character file.

Game seed: 9155032372579691884

9 petzl the Sneak (level 2, -8/24 HPs)
             Began as a Formicid Delver on Jan 14, 2024.
             Mangled by a wight
             ... wielding a +0 long sword
              (11 damage)
             ... on level 6 of the Dungeon.
             The game lasted 00:00:49 (148 turns).

petzl the Sneak (Formicid Delver)                    Turns: 148, Time: 00:00:50

Health: -8/24      AC:  3    Str: 16    XL:     2   Next: 20%
Magic:  2/2        EV: 12    Int:  9    God:
Gold:   0          SH:  0    Dex: 15    Spells: 1/1 levels left

rFire   . . .        a - +0 mace
rCold   . . .        (no shield)
rNeg    . . .        b - +0 leather armour
rPois   .            (helmet unavailable)
rElec   .            (no cloak)
rCorr   .            (no gloves)
SInv    +            (no boots)
Will    .....        (no amulet)
Stlth   +++          (no ring)
HPRegen 0.24/turn    (no ring)
MPRegen 0.08/turn

%: no passive effects
@: no status effects
A: permanent stasis, dig shafts and tunnels, antennae 3, four strong arms
a: Dig, Shaft Self


You were on level 6 of the Dungeon.
You visited 1 branch of the dungeon, and saw 3 of its levels.

Inventory:

Hand Weapons
 a - a +0 mace (weapon)
Armour
 b - a +0 leather armour (worn)
Wands
 e - a wand of polymorph (13)
 f - a wand of digging (3)
 g - a wand of light (10)
Scrolls
 c - a scroll of fog
 d - a scroll of revelation
Potions
 h - a potion of haste {unknown}


   Skills:
 - Level 3.3 Fighting
 - Level 2.0 Maces & Flails
 - Level 0.1 Armour
 - Level 1.8 Dodging
 - Level 6.4 Stealth


You had one spell level left.
You didn't know any spells.
Your spell library was empty.

Dungeon Overview and Level Annotations

Branches:
Dungeon (5/15)
 Temple: D:4-7

Altars:


Innate Abilities, Weirdness & Mutations

You cannot be hasted, slowed, berserked, paralysed or teleported.
You can dig through walls and to a lower floor.
You have a pair of large antennae on your head. (SInv)
Your four strong arms can wield two-handed weapons with a shield.


Message History

You see here 3 stones.
An adder comes into view.
The adder hisses angrily.
An adder is nearby!
You see here 3 stones.
You hit the adder.
The adder is heavily wounded.
The adder misses you. The adder closely misses you.
You hit the adder but do no damage. Your punch misses the adder.
The adder is heavily wounded.
The adder bites you.
You hit the adder.
The adder is severely wounded.
The adder barely misses you. The adder bites you but does no damage.
You closely miss the adder.
The adder is severely wounded.
The adder bites you. The adder barely misses you.
You miss the adder.
The adder is severely wounded.
The adder barely misses you.
You hit the adder.
You kill the adder!
You have reached level 2!
Unknown command.
Unknown command.
Found a metallic clear potion.
Unknown command.
h - a metallic clear potion You sense a monster nearby.
A centaur and a wight come into view.
The centaur shouts!
The centaur wields a +0 orcbow.
The centaur shoots an arrow.
The arrow barely misses you.
The centaur shoots an arrow.
The arrow hits you!
The centaur shoots an arrow.
The arrow hits you!
* * * LOW HITPOINT WARNING * * *
Are you sure you want to shaft yourself?
You begin to dig a shaft.
You continue digging a shaft.
The wight hits you with a +0 long sword!
You die...

#####
#...#################
#..........(.........
#......##.####.......
#.....###..##......[.
#.....# ##.....####..
#.....# #..#### .
############.....#
####
#............#####
#.##########.###
#..............#
#..#.#.###.###.......
#..# #...#.# .#.####
#..###.###.###.# #
#........c.z@..#.
#................#
#..#.#.###.#.#..##
#..#.#.# #.#.#.##
#..###{# #.### #
#...{{{. ... #... ...
... #.. ##.###.## #.#
.# #.#


You could see a centaur and a wight.

Vanquished Creatures
  An adder (D:6)
1 creature vanquished.

Notes
Turn   | Place    | Note
-------+----------+-------------------------------------------
     0 | D:5      | petzl the Formicid Delver began the quest for the Orb.
     0 | D:5      | Reached XP level 1. HP: 18/18 MP: 1/1
     5 | D:5      | Noticed a centaur
     5 | D:5      | Noticed a howler monkey
    24 | D:4      | You fall into a shaft and drop 2 floors!
   107 | D:6      | Reached XP level 2. HP: 22/24 MP: 2/2
   139 | D:6      | Noticed a centaur
   139 | D:6      | Noticed a wight
   148 | D:6      | Mangled by a wight

Illustrated notes

Levels and vault maps discovered:
D:4:      layout_cave_pools, slow_altar_2, ebering_ghost_disaster_area,
          uniq_pikel, uniq_duvessa
D:5:      layout_rooms, blue_anna_alchemist, dreamdust_princess_corridor,
          abandoned_shop, minmay_manual_mail
D:6:      kb_forest_paths, layout_rooms, overflow_temple_1_default,
          nicolae_concentric_dashed_squares_wild, minmay_misc_feat_nine_boxes,
          minmay_misc_feat_chi, amcnicky_mini_pool_medium

Action                     || total
---------------------------++-------
  Melee: Mace              ||     6
Ability: Shaft Self        ||     2
    Use: Scroll            ||     1
 Armour: Leather armour    ||    10
  Dodge: Dodged            ||     7

Table legend: (Time is in decaauts)
 A = Elapsed time spent in this place.
 B = Non-inter-level travel time spent in this place.
 C = Inter-level travel time spent in this place.
 D = Time resting spent in this place.
 E = Time spent auto-exploring this place.
 F = Levels seen in this place.
 G = Mean time per level.
                   A        B        C        D        E       F      G
               +--------+--------+--------+--------+--------+-----+--------+
         Total |    149 |    149 |      0 |     50 |      0 |   3 |   49.7 |
       Dungeon |    149 |    149 |      0 |     50 |      0 |   3 |   49.7 |
               +--------+--------+--------+--------+--------+-----+--------+

Top non-repeatable levels by time:
     D:6: 125 daAuts
     D:5: 14 daAuts
     D:4: 9 daAuts
